 Dungeon Crawl Stone Soup version 0.27-a0-1191-g601b473118 (webtiles) character file.

Game seed: 4487270489730017125

28 experimilk the Digger (level 3, 0/19 HPs)
             Began as a Gargoyle Earth Elementalist on May 24, 2021.
             Slain by an orc
             ... wielding a +0 dagger
              (4 damage)
             ... on level 3 of the Dungeon.
             The game lasted 00:02:30 (1429 turns).

experimilk the Digger (Gargoyle Earth Elementalist) Turns: 1429, Time: 00:02:32

Health: 0/19       AC:  5    Str:  9 (11) XL:     3   Next: 12%
Magic:  2/6        EV: 11    Int: 13 (16) God:
Gold:   17         SH:  0    Dex:  8 (10) Spells: 0/6 levels left

rFire    . . .     SeeInvis .   d - +0 spear
rCold    . . .     Faith    .   (no shield)
rNeg     + . .     Spirit   .   c - +0 robe
rPois    ∞         Reflect  .   (no helmet)
rElec    +         Harm     .   (no cloak)
rCorr    .         Rampage  .   (no gloves)
Will     .....                  (no boots)
Stlth    ++........             (no amulet)
HPRegen  0.06/turn              (no ring)
MPRegen  0.10/turn              (no ring)

@: no status effects
A: sickness immunity, AC +3, negative energy resistance 1, electricity
resistance, torment resistance 1, petrification resistance
a: no special abilities


You were on level 3 of the Dungeon.
You visited 1 branch of the dungeon, and saw 3 of its levels.

You collected 17 gold pieces.

Inventory:

Hand Weapons
 d - a +0 spear (weapon)
Missiles
 b - 44 stones
Armour
 c - a +0 robe (worn)
Magical Staves
 f - a staff of fire
Potions
 a - a potion of degeneration
 e - 2 potions of heal wounds {unknown}


   Skills:
 - Level 1.5 Dodging
 - Level 2.1 Stealth
 - Level 2.0 Spellcasting
 + Level 0.1 Conjurations
 - Level 1.0 Transmutations
 * Level 4.9 Earth Magic


You couldn't memorise any spells.
You knew the following spells:

 Your Spells              Type           Power      Damage    Failure   Level
a - Sandblast             Erth           28%        2d8       3%          1
b - Passwall              Tmut/Erth      7%         N/A       12%         2
c - Stone Arrow           Conj/Erth      14%        3d7       26%         3

Your spell library contained the following spells:

 Spells                   Type           Power      Damage    Failure   Level
 Petrify                  Tmut/Erth      9%         N/A       58%         4
 Lee's Rapid Deconstruct  Erth           7%         3d7*      67%         5


Dungeon Overview and Level Annotations

Branches:
Dungeon (2/15)

Altars:


Innate Abilities, Weirdness & Mutations

You are immune to sickness and miasma.
Your stone body is resilient. (AC +3)
You are immune to poison.
You resist negative energy. (rN+)
You are resistant to electric shocks. (rElec)
You are resistant to unholy torment.
You are immune to petrification.


Message History

The blast of sand misses the orc.
The orc hits you but does no damage. The orc hits you with a +0 club.
Casting: Sandblast (safe; 2% risk of failure)
Confirm with . or Enter, or press ? or * to list all spells.
Aiming: Sandblast (safe; 2% risk of failure)
Press: ? - help, Shift-Dir - straight line, f/p - orc
Aim: an orc, wielding a +0 club and wearing a +0 chain mail (severely wounded, 85% to hit)
The blast of sand hits the orc but does no damage.
The orc is severely wounded.
The orc closely misses you. The orc hits you with a +0 club.
Your magical contamination has completely faded away.
An orc priest comes into view. It is wielding a +0 dagger of flaming.
The orc priest shouts!
You hear a shout!
An orc comes into view. It is wielding a +0 dagger.
An orc comes into view.
It is wielding a +0 dagger and quivering boomerangs of dispersal.
The orc priest hits you with a +0 dagger of flaming.
The orc priest burns you.
An orc comes into view. It is wielding a +0 flail.
The orc shouts! x2; The orc wizard shouts!
The orc hits you but does no damage.
The orc wizard points at itself and mumbles some strange words.
The orc wizard flickers and vanishes!
Deactivating autopickup; reactivate with Ctrl-A.
You hit the orc but do no damage. The orc closely misses you.
The orc barely misses you.
You hit the orc but do no damage. The orc barely misses you.
The orc priest closely misses you. The orc barely misses you.
The orc closely misses you.
It was a potion of degeneration.
There was something very wrong with that liquid.
You feel weakened.
You feel dopey.
You feel clumsy. The orc priest closely misses you.
The orc closely misses you. x2
The orc barely misses you.
You closely miss the orc.
The orc priest hits you with a +0 dagger of flaming.
* * * LOW HITPOINT WARNING * * *
The orc priest burns you.
* * * LOW HITPOINT WARNING * * *
The orc closely misses you. The orc hits you with a +0 dagger.
You die...

#........# #...#
#........#######...#
#........oo........#
#........######....#
#........#######o..#
.....o###.....##...#
...... #.....##.o.#
. ......
#oo...##...# ..
.<... #@.o..##...#
#...


oo... #ooo..###.###..... #o........#...# #........#..# #......#...##
#....).....# #####....#.# # ##....#.#..# #..##..#..#....# You could see an orc
priest and 6 orcs.

Vanquished Creatures
  2 bats (D:1)
  3 endoplasms (D:1)
  A giant cockroach (D:2)
  3 goblins (D:1)
  2 hobgoblins (D:1)
  5 jackals (D:1)
  2 kobolds (D:1)
  A quokka (D:1)
  A frilled lizard (D:1)
  3 rats (D:1)
23 creatures vanquished.

Notes
Turn   | Place    | Note
-------+----------+-------------------------------------------
     0 | D:1      | experimilk the Gargoyle Earth Elementalist began the quest
                  | for the Orb.
     0 | D:1      | Reached XP level 1. HP: 10/10 MP: 3/3
    33 | D:1      | Reached skill level 1 in Transmutations
   208 | D:1      | Reached skill level 4 in Earth Magic
   237 | D:1      | Reached XP level 2. HP: 15/15 MP: 3/5
  1003 | D:1      | Reached XP level 3. HP: 19/19 MP: 4/6
  1026 | D:1      | Learned a level 2 spell: Passwall
  1030 | D:1      | Learned a level 3 spell: Stone Arrow
  1356 | D:2      | You fall into a shaft and drop 1 floor!
  1429 | D:3      | Slain by an orc

Illustrated notes

Levels and vault maps discovered:
D:1:      lightli_arrival_chessboard, layout_basic
D:2:      layout_loops_corners, columned_hall_lemuel
D:3:      layout_rooms, lemuel_doored_altar, ebering_ecumenical_altar_box

Skill      XL: |  1 |
---------------+----+-----
Transmutations | 1 |  1.0
Earth Magic    | 4 |  4.9
Dodging        | |  1.5
Stealth        | |  2.1
Spellcasting   | |  2.0
Conjurations   | |  0.1

Action                   || total
-------------------------++-------
Melee: Spear             ||     3
 Cast: Sandblast         ||    38
  Use: Potion            ||     1
Armor: Robe              ||     8
Dodge: Dodged            ||    24

Table legend: (Time is in decaauts)
 A = Elapsed time spent in this place.
 B = Non-inter-level travel time spent in this place.
 C = Inter-level travel time spent in this place.
 D = Time resting spent in this place.
 E = Time spent auto-exploring this place.
 F = Levels seen in this place.
 G = Mean time per level.
                   A        B        C        D        E       F      G
               +--------+--------+--------+--------+--------+-----+--------+
         Total |   1428 |   1387 |     41 |    481 |    652 |   3 |  476.0 |
       Dungeon |   1428 |   1387 |     41 |    481 |    652 |   3 |  476.0 |
               +--------+--------+--------+--------+--------+-----+--------+

Top non-repeatable levels by time:
     D:1: 1328 daAuts
     D:3: 73 daAuts
     D:2: 26 daAuts
